Map: 环轨星港

Players

doudou

  • Race: Terran Terran
  • League: Master

Psmoonsun

  • Race: Terran Terran
  • League: Master

PsRush

  • Race: Protoss Protoss
  • League: Master

开局要打鸡儿盒饭

  • Race: Protoss Protoss
  • League: Master

Event: GPL 2015 - Grand Finals

VOD

Have the link to the VOD?

Description

Time

  • Played on: Jan. 16, 2016, 9:50 a.m.
  • Length: 18:42

All games in this series

Show
View Real Time Build Order
Export as new Build Order

doudou Terran 

Build Orders: Command Center First (CC), MMM Bio 

Get SALT Encoding   

  12  0:00  SCV  
  13  0:13  SCV  
  14  0:17  Supply Depot  
  14  0:25  SCV  
  15  0:39  SCV  
  16  0:51  SCV  
  17  0:59  Command Center  
  17  1:03  SCV  
  18  1:13  Barracks  
  18  1:15  SCV  
  19  1:26  Barracks  
  19  1:30  SCV  
  20  1:44  Barracks, SCV  
  21  2:01  Marine  
  21  2:02  Orbital Command  
  22  2:12  Orbital Command  
  22  2:15  Marine  
  22  2:19  Marine  
  24  2:27  SCV  
  25  2:33  Marine  
  25  2:34  Marine  
  27  2:37  SCV  
  27  2:42  SCV  
  29  2:49  Command Center  
  29  2:52  SCV  
  29  2:57  SCV  
  31  2:59  Supply Depot  
  31  3:00  Marine x2  
  31  3:04  SCV  
  34  3:08  Supply Depot  
  34  3:10  Engineering Bay  
  34  3:12  SCV  
  35  3:16  SCV  
  35  3:17  Marine  
  37  3:23  Refinery  
  37  3:24  Refinery  
  37  3:26  Refinery  
  37  3:28  Marine  
  37  3:29  SCV  
  37  3:30  SCV  
  40  3:37  Missile Turret  
  40  3:39  Missile Turret  
  39  3:41  SCV  
  39  3:44  Marine  
  42  3:51  Supply Depot  
  42  3:55  SCV x2  
  43  3:56  Barracks Tech Lab, Marine  
  44  4:03  Marine  
  44  4:07  SCV  
  44  4:08  SCV  
  46  4:11  Orbital Command  
  46  4:19  Stimpack, SCV  
  46  4:23  SCV  
  46  4:26  Barracks Reactor  
  45  4:31  Barracks Tech Lab  
  45  4:33  Orbital Command  
  45  4:34  SCV  
  45  4:36  Factory, SCV  
  45  4:38  Marine  
  48  4:45  Supply Depot  
  48  4:47  Refinery, SCV  
  48  4:49  Marine  
  48  4:50  SCV  
  51  4:56  Marine  
  51  4:59  SCV  
  50  5:01  SCV  
  50  5:03  Marine, SCV  
  50  5:06  Terran Infantry Weapons Level 1  
  53  5:07  Marine  
  53  5:09  Combat Shields, Barracks  
  53  5:11  SCV  
  53  5:12  Barracks  
  55  5:16  Marine x2, SCV  
  55  5:18  SCV  
  55  5:24  Marine  
  55  5:25  Marine  
  57  5:32  Missile Turret  
  57  5:34  Marine x2, SCV  
  60  5:36  SCV  
  60  5:42  Marine  
  62  5:43  Marine, SCV  
  62  5:46  SCV  
  62  5:49  Factory Reactor  
  65  5:50  SCV  
  65  5:52  Starport  
  65  5:53  Marine x2  
  68  6:00  Marine  
  68  6:01  Marine  
  70  6:04  Supply Depot  
  70  6:06  Supply Depot  
  70  6:11  Barracks Reactor, Marauder, Marine, Barracks Tech Lab  
  71  6:13  SCV  
  71  6:17  Marine  
  74  6:19  Liberator x2, Marine  
  74  6:22  Starport  
  75  6:26  Bunker  
  75  6:28  Marine  
  75  6:32  Marine  
  76  6:34  Missile Turret, SCV  
  76  6:35  Marine  
  76  6:38  SCV  
  86  6:43  Factory Reactor, Bunker, Marine  
  86  6:44  Marine, Bunker  
  86  6:46  Marine  
  89  6:48  Liberator x2  
  89  6:50  SCV  
  89  6:51  SCV  
  89  6:52  SCV  
  87  7:02  SCV  
  87  7:03  SCV  
  87  7:04  Refinery, SCV  
  87  7:05  Barracks Reactor  
  96  7:12  Marine, Marauder  
  96  7:14  Terran Infantry Armor Level 1, SCV  
  96  7:15  Refinery, SCV  
  101  7:17  SCV  
  101  7:29  Supply Depot  
  101  7:32  Supply Depot  
  101  7:34  Liberator x2  
  101  7:35  Missile Turret  
  101  7:36  Missile Turret, Liberator  
  101  7:46  Supply Depot  
  101  7:47  Supply Depot  
  101  7:50  Liberator  
  101  7:51  Marine, SCV  
  108  7:53  Marine, SCV x2  
  108  7:54  Marauder  
  117  8:03  Widow Mine x2  
  117  8:04  SCV  
  117  8:07  Marine  
  117  8:08  SCV x2  
  117  8:09  Marine x2, Marauder  
  117  8:11  Supply Depot  
  117  8:12  Supply Depot  
  127  8:17  Liberator  
  127  8:18  Liberator, Marine  
  127  8:19  Liberator  
  128  8:20  Marine  
  128  8:21  Marauder  
  128  8:22  SCV  
  128  8:26  Supply Depot x2  
  132  8:33  Marine, SCV  
  134  8:36  Widow Mine  
  134  8:38  SCV  
  143  8:42  SCV  
  143  8:47  Armory  
  144  8:50  Medivac  
  144  8:51  Engineering Bay  
  146  8:57  Marine x2  
  146  8:59  Liberator, SCV  
  146  9:00  Marine  
  146  9:02  Marine x2  
  152  9:08  Marine  
  152  9:09  Marauder  
  153  9:12  Widow Mine  
  153  9:15  Marine x2  
  161  9:18  Marine  
  161  9:21  Command Center  
  156  9:37  Terran Infantry Weapons Level 2  
  156  9:38  Barracks, Terran Infantry Armor Level 2  
  156  9:40  Barracks x2  
  156  9:41  Fusion Core  
  156  9:46  Medivac x3  
  156  9:52  SCV x2  
  164  9:54  SCV  
  165  10:09  Supply Depot x2  
  165  10:11  Marine x2  
  164  10:24  Supply Depot  
  164  10:25  Supply Depot  
  164  10:28  Widow Mine  
  165  10:30  Medivac, Widow Mine  
  165  10:31  Marauder  
  165  10:32  Supply Depot  
  171  10:43  Liberator  
  171  10:44  Medivac x3  
  171  10:47  Barracks Tech Lab  
  171  10:49  Barracks Tech Lab  
  177  10:53  Marine  
  177  10:54  Marauder  
  177  10:56  Liberator  
  180  10:58  Marine, Marauder  
  180  11:00  Marine  
  180  11:01  Liberator x2, Marauder  
  189  11:10  Ghost Academy  
  189  11:13  Marine  
  189  11:14  Marauder  
  187  11:24  Marine  
  187  11:25  Marauder  
  178  11:26  Liberator  
  152  11:39  Liberator  
  148  11:44  Marine  
  145  11:50  Marine  
  146  12:06  Marine  
  141  12:33  Marine  
  141  12:34  Marine  
  138  12:39  Terran Infantry Weapons Level 3, Marine, Marauder  
  138  12:40  Terran Infantry Armor Level 3  
  138  12:42  Viking  
  136  13:21  Marine x2  
  136  13:22  Marine  
  136  13:23  Marine x2  
  141  13:29  Medivac x2, Marine  
  141  13:33  Orbital Command  
  146  13:36  Marine  
  147  13:43  Marine  
  147  13:44  Marine  
  147  13:50  Marine  
  141  14:08  Marine  
  139  14:10  Marauder  
  138  14:23  Missile Turret  
  137  14:26  Marauder  
  133  14:37  Marine, Marauder  
  135  14:39  Medivac x2, Marine  
  135  14:45  Marine  
  139  14:47  SCV  
  139  14:48  Marine  
  142  14:55  Medivac  
  142  14:57  Marine  
  142  14:58  SCV, Marauder  
  148  15:00  Marine  
  144  15:14  Marine  
  131  15:26  Marine  
  131  15:27  Marine x3, Marauder x4  
  139  15:36  Marine  
  139  15:42  Marine  
  140  15:45  Marine  
  140  15:47  Marine  
  140  15:48  Marauder x3  
  148  15:51  Medivac  
  143  16:22  Marine, Marauder  
  143  16:23  Marine, Marauder x2  
  143  16:24  Marauder  
  131  16:30  Marine  
  128  16:44  Marauder x2  
  128  16:45  Marauder x2  
  135  16:50  Marine  
  135  16:56  Marine  
  135  16:57  Marine  
  137  17:05  Marauder  
  137  17:07  Orbital Command, Marauder  
  112  17:24  Orbital Command  
  88  18:21  SCV  
  88  18:22  Marine x2  
  88  18:23  Marine x2  
Show
View Real Time Build Order
Export as new Build Order

Psmoonsun Terran 

Build Orders:  

Get SALT Encoding   

  12  0:01  Probe (Chrono Boost)  
  13  0:11  Probe (Chrono Boost)  
  14  0:17  Pylon  
  14  0:22  Probe (Chrono Boost)  
  16  0:35  Probe (Chrono Boost)  
  16  0:36  Gateway  
  16  0:46  Probe (Chrono Boost)  
  16  0:47  Assimilator  
  17  0:57  Probe (Chrono Boost)  
  18  1:07  Probe (Chrono Boost)  
  19  1:18  Probe (Chrono Boost)  
  20  1:25  Nexus  
  20  1:28  Probe (Chrono Boost)  
  21  1:36  Cybernetics Core  
  21  1:39  Probe (Chrono Boost)  
  22  1:46  Assimilator  
  22  1:52  Pylon  
  22  1:54  Probe (Chrono Boost)  
  23  2:12  Adept (Chrono Boost)  
  23  2:14  Probe  
  23  2:15  Warp Gate  
  26  2:26  Probe  
  27  2:32  Stargate  
  27  2:35  Probe  
  28  2:38  Adept (Chrono Boost)  
  28  2:39  Probe  
  31  2:46  Probe  
  31  2:51  Probe  
  33  2:56  Probe  
  34  3:00  Adept (Chrono Boost)  
  34  3:03  Probe  
  37  3:07  Probe  
  38  3:15  Oracle (Chrono Boost), Probe  
  38  3:19  Probe  
  43  3:23  Pylon  
  43  3:26  Pylon  
  43  3:27  Probe, Adept  
  46  3:38  Robotics Facility  
  46  3:41  Probe x2 (Chrono Boost)  
  48  3:52  Probe (Chrono Boost)  
  48  3:53  Probe (Chrono Boost)  
  50  3:57  Nexus  
  50  4:01  Pylon  
  50  4:05  Probe (Chrono Boost)  
  51  4:10  Probe (Chrono Boost)  
  51  4:11  Phoenix  
  51  4:15  Probe (Chrono Boost)  
  51  4:25  Probe (Chrono Boost)  
  51  4:26  Probe (Chrono Boost)  
  51  4:28  Assimilator  
  51  4:29  Assimilator  
  51  4:30  Robotics Bay  
  53  4:35  Probe (Chrono Boost)  
  53  4:36  Probe (Chrono Boost)  
  55  4:38  Pylon  
  55  4:46  Probe (Chrono Boost)  
  55  4:49  Pylon  
  55  4:51  Phoenix  
  55  4:52  Warp Prism (Chrono Boost)  
  59  5:00  Mothership Core (Chrono Boost)  
  59  5:01  Pylon  
  59  5:02  Probe (Chrono Boost)  
  61  5:08  Probe (Chrono Boost)  
  61  5:13  Probe  
  63  5:16  Phoenix  
  63  5:18  Probe x2  
  67  5:22  Gateway  
  67  5:23  Gateway  
  67  5:25  Disruptor (Chrono Boost), Probe  
  71  5:30  Probe, Adept  
  71  5:31  Probe  
  75  5:37  Probe  
  75  5:40  Probe  
  49  5:42  Phoenix  
  77  5:43  Probe  
  77  5:44  Pylon  
  77  5:49  Gravitic Drive (Chrono Boost)  
  80  5:52  Probe  
  80  5:54  Assimilator  
  81  5:57  Disruptor  
  81  6:00  Gateway  
  81  6:01  Gateway  
  81  6:04  Probe  
  84  6:05  Probe  
  84  6:06  Probe  
  87  6:12  Adept  
  87  6:14  Probe  
  90  6:20  Probe, Assimilator  
  90  6:22  Pylon, Phoenix  
  90  6:24  Probe  
  94  6:29  Pylon, Robotics Facility  
  94  6:30  Disruptor  
  94  6:32  Probe  
  94  6:34  Probe  
  99  6:41  Pylon  
  99  6:44  Twilight Council  
  99  6:45  Pylon, Adept  
  101  6:50  Adept x2  
  105  6:56  Phoenix  
  107  7:04  Immortal (Chrono Boost)  
  111  7:10  Forge  
  111  7:11  Resonating Glaives (Chrono Boost)  
  111  7:12  Pylon, Forge  
  111  7:19  Disruptor (Chrono Boost)  
  111  7:21  Adept x4  
  122  7:25  Phoenix  
  124  7:37  Pylon  
  124  7:40  Pylon  
  124  7:45  Gateway x2  
  124  7:47  Protoss Ground Weapons Level 1 (Chrono Boost), Observer (Chrono Boost)  
  124  7:49  Pylon  
  124  7:50  Protoss Ground Armor Level 1 (Chrono Boost)  
  125  7:52  Observer (Chrono Boost)  
  125  7:56  Adept x2  
  130  8:00  Adept x2  
  130  8:01  Adept  
  137  8:06  Observer (Chrono Boost)  
  137  8:11  Photon Cannon  
  137  8:13  Photon Cannon  
  137  8:15  Observer (Chrono Boost)  
  137  8:18  Pylon  
  138  8:21  Stalker  
  138  8:22  Stalker x3  
  145  8:35  Phoenix  
  145  8:41  Nexus  
  147  8:43  Pylon  
  147  8:45  Pylon  
  147  8:47  Templar Archives  
  147  8:54  Adept x5  
  157  8:56  Sentry  
  159  9:03  Immortal  
  159  9:08  Immortal  
  167  9:19  Protoss Air Weapons Level 1 (Chrono Boost)  
  167  9:20  Pylon, Stargate  
  167  9:22  Adept x2  
  170  9:32  Adept x4  
  178  9:39  Phoenix  
  178  9:43  Stalker  
  178  9:44  Stalker x2  
  184  9:54  Assimilator  
  184  9:56  Blink (Chrono Boost)  
  184  9:59  Assimilator  
  181  10:18  Pylon  
  181  10:19  Fleet Beacon  
  181  10:21  Warp Prism  
  181  10:22  Immortal  
  181  10:23  Stalker x3  
  181  10:26  Probe x3  
  196  10:31  Phoenix, Protoss Ground Armor Level 2  
  196  10:33  Phoenix  
  200  10:52  Protoss Ground Weapons Level 2  
  200  11:05  Pylon  
  197  11:25  Adept x3  
  184  11:35  Stalker x3, Adept  
  184  11:39  Dark Shrine  
  183  11:43  Tempest x2 (Chrono Boost)  
  168  11:59  Adept x2  
  168  12:00  Adept x3  
  145  12:36  Adept x2  
  145  12:37  Adept x3  
  148  12:42  Probe x3  
  148  12:43  Probe  
  156  12:57  Probe x2  
  156  12:58  Probe x2  
  158  13:09  Probe  
  158  13:22  Probe x3  
  158  13:24  Probe  
  162  13:27  Stalker x3  
  166  13:43  Adept x2  
  164  13:54  Dark Templar  
  155  13:56  Psionic Storm  
  143  14:18  Dark Templar  
  143  14:20  Anion Pulse-Crystals  
  138  14:28  Zealot x2  
  132  14:40  Zealot  
  128  14:47  Pylon  
  128  14:51  Pylon  
  128  14:56  Nexus  
  113  15:21  Pylon  
  111  15:38  Stalker  
  107  16:13  Nexus  
  80  17:11  Adept x3  
  80  17:14  Adept  
  79  17:30  Adept  
  79  17:32  Zealot x2  
  80  17:41  Zealot  
Show
View Real Time Build Order
Export as new Build Order

PsRush Protoss 

Build Orders:  

Get SALT Encoding   

Show
View Real Time Build Order
Export as new Build Order

开局要打鸡儿盒饭 Protoss 

Build Orders:  

Get SALT Encoding   

Tags
 
Add a new tag
Caveats
  • Supply blocks, unpowered buildings, or Contaminate may cause inaccurate times.
  • Supply counts are checked every 10 seconds.